 Dungeon Crawl Stone Soup version 0.26-b1-32-g5d43845318 (webtiles) character file.

Game seed: 2253660875455719058

147 Borgoz the Ducker (level 5, -2/45 HPs)
             Began as a Ghoul Gladiator on Jan 13, 2021.
             Killed from afar by an orc wizard (4 damage)
             ... with a puff of flame
             ... on level 3 of the Dungeon.
             The game lasted 00:01:56 (2283 turns).

Borgoz the Ducker (Ghoul Gladiator)                 Turns: 2283, Time: 00:01:57

Health: -2/45      AC:  4    Str: 18    XL:     5   Next: 29%
Magic:  4/4        EV: 13    Int:  3    God:
Gold:   94         SH:  0    Dex: 11    Spells: 4/4 levels left

rFire    . . .     SeeInvis .   a - +0 flail
rCold    + . .     Faith    .   (no shield)
rNeg     + + +     Spirit   .   b - +0 leather armour
rPois    ∞         Reflect  .   c - +0 helmet
rElec    .         Harm     .   (no cloak)
rCorr    .         Rampage  .   (no gloves)
Will     .....                  (no boots)
Stlth    +.........             (no amulet)
HPRegen  0.00/turn              (no ring)
MPRegen  0.09/turn              (no ring)

@: hasted, very quick
A: claws 1, cold resistance 1, negative energy resistance 3, inhibited
regeneration, torment resistance, unbreathing
a: no special abilities


You were on level 3 of the Dungeon.
You visited 1 branch of the dungeon, and saw 3 of its levels.

You collected 94 gold pieces.

Inventory:

Hand Weapons
 a - a +0 flail (weapon)
Missiles
 d - 3 throwing nets (quivered)
Armour
 b - a +0 leather armour (worn)
 c - a +0 helmet (worn)
Jewellery
 l - a +6 ring of dexterity {unknown}
 o - a +4 ring of protection {unknown}
Wands
 m - a wand of acid (7)
Scrolls
 e - a scroll of fog {unknown}
 f - 2 scrolls of identify {unknown}
 g - 4 scrolls of magic mapping {unknown}
 i - 3 scrolls of enchant weapon {unknown}
 k - a scroll of teleportation {unknown}
Potions
 j - a potion of degeneration {unknown}


   Skills:
 + Level 3.5 Fighting
 + Level 3.5 Maces & Flails
 - Level 1.7 Throwing
 + Level 1.9 Armour
 + Level 3.5 Dodging


You had 4 spell levels left.
You didn't know any spells.
Your spell library was empty.

Dungeon Overview and Level Annotations

Branches:
Dungeon (3/15)

Altars:
Cheibriados


Innate Abilities, Weirdness & Mutations

You thrive by killing the living.
You are immune to poison.
You have sharp fingernails.
Your flesh is cold resistant. (rC+)
You are immune to negative energy. (rN+++)
You do not regenerate when monsters are visible.
You are immune to unholy pain and torment.
You can survive without breathing.


Message History

The orc wizard hits you with a +0 dagger.
You barely miss the goblin. The orc wizard closely misses you.
The orc priest calls down the wrath of Beogh upon you.
Beogh smites you! The goblin hits you.
The orc wizard hits you but does no damage.
You closely miss the orc wizard.
The orc wizard is severely wounded.
A bat comes into view.
The orc wizard hits you but does no damage.
The goblin barely misses you.
You barely miss the orc wizard.
The orc wizard is heavily wounded.
The orc wizard closely misses you.
The orc priest invokes the aid of Beogh against you.
Beogh smites you!
* * * LOW HITPOINT WARNING * * *
The goblin hits you but does no damage.
The orc wizard gestures at you while chanting.
The puff of flame hits you.
You die...

#..... #.....
#..... ###..†..
#.......
#######..#####.
#.......##.....
#####.#....##..####
##.@...#.......##
#o.#####.....###
#g## #....##


bWo #.....# ..K.w #.....# ......o #####.# ...#### #.# ... #.# .. #.# You could
see a phantom, an orc priest, an orc wizard (fast), a goblin, a bat and a
kobold.

Vanquished Creatures
  A worker ant (D:2)
  4 adders (D:2)
  2 oozes
  A worm (D:2)
  8 dart slugs
  2 leopard geckos
  2 orcs (D:3)
  7 bats
  3 giant cockroaches (D:1)
  7 goblins
  8 hobgoblins
  3 jackals (D:1)
  A quokka (D:2)
  2 frilled lizards (D:2)
  5 kobolds
  4 rats (D:1)
60 creatures vanquished.

Notes
Turn   | Place    | Note
-------+----------+-------------------------------------------
     0 | D:1      | Borgoz the Ghoul Gladiator began the quest for the Orb.
     0 | D:1      | Reached XP level 1. HP: 17/17 MP: 0/0
    70 | D:1      | Reached XP level 2. HP: 16/25 MP: 1/1
   380 | D:1      | Reached skill level 1 in Armour
   380 | D:1      | Reached XP level 3. HP: 30/30 MP: 2/2
   898 | D:2      | Reached XP level 4. HP: 33/38 MP: 3/3
  1574 | D:2      | Reached XP level 5. HP: 32/45 MP: 4/4
  1981 | D:2      | Found a snail-covered altar of Cheibriados.
  2102 | D:2      | Found a faded altar of an unknown god.
  2263 | D:3      | Noticed a phantom
  2282 | D:3      | HP: 2/45 [orc priest/divine providence (13)]
  2283 | D:3      | Killed from afar by an orc wizard

Illustrated notes

Levels and vault maps discovered:
D:1:      shiori_arrival_oz, layout_loops_ring
D:2:      layout_loops_corners, kennysheep_slug_shrine,
          chequers_ecumenical_altar_twisty
D:3:      layout_rooms, tso_oasis_becter, elyvilon_altar_4,
          kennysheep_cross_bottleneck

Skill      XL: |  1  2  3 |
---------------+----------+-----
Maces & Flails | 3 |  3.5
Dodging        | 3 |  3.5
Armour         | 1 |  1.9
Fighting       | 3 |  3.5
Throwing       | |  1.7

Action                   |  1- 3 |  4- 6 || total
-------------------------+-------+-------++-------
Melee: Flail             |   101 |   115 ||   216
  Use: Potion            |       |     2 ||     2
Armor: Leather armour    |    32 |    33 ||    65
Dodge: Dodged            |    63 |    94 ||   157
